 Dungeon Crawl Stone Soup version 0.31.0-32-g396128a36d (webtiles) character file.

Game seed: 11058892976988524571

34710 belegose the Fighter (level 13, -13/129 HPs)
             Began as an Oni Warper on Apr 25, 2024.
             Was an Elder of Hepliaklqana.
             Mangled by a komodo dragon (18 damage)
             ... on level 3 of the Lair of Beasts.
             The game lasted 01:30:41 (25881 turns).

belegose the Fighter (Oni Warper)                  Turns: 25881, Time: 01:30:42

Health: -13/129    AC:  5    Str: 20    XL:     13   Next: 79%
Magic:  20/22      EV: 10    Int: 18    God:    Hepliaklqana [****..]
Gold:   675        SH:  0    Dex:  8    Spells: 14/24 levels left

rFire   . . .        k - +10 rapier of Causality {holy, ^Drain Fly rElec rPois Str+2}
rCold   . . .        (no shield)
rNeg    . . .        u - +2 robe {Will+}
rPois   +            (helmet restricted)
rElec   +            K - scarf {repulsion}
rCorr   .            (gloves unavailable)
SInv    +            (boots unavailable)
Will    ++...        (no amulet)
Stlth   +            P - ring of ice
HPRegen 0.41/turn    D - ring "Uhialer" {Fire Slay+2 SInv}
MPRegen 0.18/turn

%: repel missiles
@: on blink cooldown, flying, invisible
A: reduced essence, large, unfitting armour, horns 1, tough skin 1, double
potion healing, drunken brawling
a: Renounce Religion, Recall Ancestor, Ancestor Identity, Transference, Idealise


You were on level 3 of the Lair of Beasts.
You worshipped Hepliaklqana.
Hepliaklqana was greatly pleased with you.
You visited 3 branches of the dungeon, and saw 15 of its levels.
You also visited: Sewer and Ossuary.

You collected 753 gold pieces.
You spent 78 gold pieces at shops.

Inventory:

Hand Weapons
 k - the +10 rapier of Causality (weapon) {holy, ^Drain Fly rElec rPois Str+2}
   (You found it on level 2 of the Dungeon)

   Str+2:     It affects your strength (+2).
   rElec:     It insulates you from electricity.
   rPois:     It protects you from poison Fly: It grants you flight.
   ^Drain:    It drains your maximum health when unequipped.
 F - the +9 lance "Wyrmbane" {slay drac, rPois rF+ rC+ AC+3}
   (You took it off Maggie on level 9 of the Dungeon)

   AC+3:      It affects your AC (+3).
   rF+:       It protects you from fire.
   rC+:       It protects you from cold.
   rPois:     It protects you from poison
Missiles
 b - 12 boomerangs (quivered)
 d - 7 darts of dispersal
 g - 31 poisoned darts
 B - 4 throwing nets
 C - 18 javelins
 O - a curare-tipped dart
Armour
 u - a +2 robe of willpower (worn)
 G - +0 steam dragon scales
 K - a scarf of repulsion (worn)
Jewellery
 D - the ring "Uhialer" (right hand) {Fire Slay+2 SInv}
   (You found it on level 5 of the Dungeon)

   [ring of fire]

   Fire:      It enhances your fire magic.
   Slay+2:    It affects your accuracy & damage with ranged weapons and melee
   (+2).
   rF+:       It protects you from fire.
   rC-:       It makes you vulnerable to cold.
   SInv:      It lets you see invisible.
 N - a ring of see invisible
 P - a ring of ice (left hand)
Wands
 e - a wand of roots (13)
 m - a wand of quicksilver (3)
 s - a wand of flame (9)
 H - a wand of mindburst (14)
 I - a wand of digging (8)
Scrolls
 i - 3 scrolls of enchant weapon
 n - 10 scrolls of teleportation
 o - 3 scrolls of enchant armour
 v - a scroll of brand weapon {unknown}
 w - 2 scrolls of revelation
 y - 2 scrolls of amnesia
 z - a scroll of poison {unknown}
 A - a scroll of acquirement {unknown}
 J - a scroll of summoning {unknown}
 M - a scroll of fog {unknown}
Potions
 a - 3 potions of brilliance
 f - 5 potions of curing
 h - 7 potions of haste
 j - a potion of lignification
 l - 2 potions of magic
 p - a potion of might
 q - 2 potions of mutation
 r - 2 potions of ambrosia
 t - a potion of invisibility
 x - 2 potions of enlightenment
 E - 3 potions of heal wounds
 Q - a potion of berserk rage


   Skills:
 - Level 13.0 Fighting
 - Level 6.0 Short Blades
 - Level 2.1(2.3) Maces & Flails
 - Level 1.3(2.0) Staves
 - Level 10.0 Throwing
 + Level 3.2 Armour
 - Level 2.3 Dodging
 - Level 6.0 Spellcasting
 + Level 2.7 Necromancy
 - Level 5.0 Translocations
 - Level 10.0 Ice Magic
 + Level 2.7 Earth Magic
 + Level 9.2 Invocations
 - Level 6.0 Evocations


You had 14 spell levels left.
You knew the following spells:

 Your Spells              Type           Power      Damage    Failure   Level
a - Blink                 Tloc           46%        N/A       2%          2
b - Frozen Ramparts       Ice            100%       1d16      1%          3
c - Borgnjor's Vile Clut  Necr/Erth      7%         N/A       71%         5

Your spell library contained the following spells:

 Spells                   Type           Power      Damage    Failure   Level
 Lesser Beckoning         Tloc           46%        N/A       2%          2
 Teleport Other           Tloc           23%        N/A       4%          3
 Shock                    Conj/Air       20%        1d4       12%         1
 Manifold Assault         Tloc           23%        N/A       16%         4
 Scorch                   Fire           16%        2d5       19%         2
 Swiftness                Air            5%         N/A       34%         3
 Vhi's Electric Charge    Tloc/Air       28%        N/A       38%         4
 Metabolic Englaciation   Hex/Ice        17%        N/A       38%         5
 Anguish                  Hex/Necr       5%         N/A       56%         4
 Leda's Liquefaction      Alch/Erth      5%         N/A       56%         4
 Petrify                  Alch/Erth      10%        N/A       56%         4
 Airstrike                Air            2%         2d(1-17)  75%         4
 Cause Fear               Hex            2%         N/A       75%         4
 Alistair's Intoxication  Alch           3%         N/A       97%         5
 Fireball                 Conj/Fire      4%         3d4       97%         5
 Eringya's Noxious Bog    Alch           2%         4d6       100%        6
 Enfeeble                 Hex            2%         N/A       100%        7
 Dragon's Call            Summ           2%         N/A       100%        9


Dungeon Overview and Level Annotations

Branches:
Dungeon (11/15)            Temple (1/1) D:7            Lair (3/5) D:9
  Snake (0/4) Lair:2        Sewer (visited)         Ossuary (visited)
  Swamp: Lair:2-3    Shoals: Lair:2-3       Orc: D:9-12

Altars:
Ashenzari
Cheibriados
Dithmenos
Elyvilon
Fedhas
Gozag
Hepliaklqana
Kikubaaqudgha
Makhleb
Nemelex Xobeh
Okawaru
Qazlal
Ru
Sif Muna
Trog
Uskayaw
Vehumet
Wu Jian
Xom
Yredelemnul
Zin
The Shining One

Shops:
D:4 [   D:6 :   D:11 *

Annotations:
D:6 2 transporters, flammie80's ghost, weakling FoMo
Lair:2 exclusion: downstairs


Innate Abilities, Weirdness & Mutations

Your life essence is reduced to manifest your ancestor. (-10% HP)
You are too large for most types of armour.
You have a pair of small horns on your head.
You have tough skin. (AC +1)
You gain doubled healing and magic from potions.
Whenever you drink a healing potion, you attack all around you.


Message History

The roots release their grip on the skyshark.
The bullfrog hits you. The skyshark bites you!
The skyshark tastes blood and grows stronger!
The skyshark barely misses you. x2; The bullfrog barely misses you.
The skyshark bites you!
The skyshark enters a blood-rage!
The skyshark tail-slaps you. x2
The bullfrog attacks as it pursues you! The bullfrog hits you.
The skyshark attacks as it pursues you! The skyshark bites you!
The skyshark tail-slaps you but does no damage.
The skyshark tail-slaps you! The bullfrog closely misses you.
The skyshark bites you. The skyshark completely misses you.
The skyshark tail-slaps you!
* * * LOW HITPOINT WARNING * * *
Casting: Frozen Ramparts (safe; 1% risk of failure)
Confirm with . or Enter, or press ? or * to list all spells.
You blink.
The komodo dragon bites you!
* * * LOW HITPOINT WARNING * * *
Okay, then.
Aiming: Quicksilver Bolt
Press: ? - help, Shift-Dir - straight line, f - skyshark
Aim: a skyshark (lightly wounded, berserk, 81% to hit)
The bolt of dispelling energy misses the swamp worm.
The bolt of dispelling energy hits the skyshark!!
The skyshark is moderately wounded.
The bolt of dispelling energy misses the bullfrog.
The cane toad gives a loud, deep croak!
The komodo dragon bites you!
* * * LOW HITPOINT WARNING * * *
Unknown command.
Casting: Blink (safe; 2% risk of failure)
Confirm with . or Enter, or press ? or * to list all spells.
You are still too unstable to blink.
Okay, then.
You fade into invisibility!
The skyshark barely misses you. x2; The skyshark tail-slaps you.
* * * LOW HITPOINT WARNING * * *
The swamp worm bites you.
* * * LOW HITPOINT WARNING * * *
The komodo dragon bites you!!
You die...

...F.......#.~~~~≈~~..........P..
......Fl...##.~.~~............PP.
..#####l...##..##.............PP.
#.w#.##..#.............P...
###...#....................
##.###.......F...........
#.......................
##.#.....................
#######P......@................
♣♣.##..#......lwF...............
♣♣...............F...............
♣.#########......................
.## #P...#.................. .#
##...###................
.##########...####...§...........
...P.#...#P....###...............
..............###................


You could see a skyshark (berserk, unable to see you), a komodo dragon (unable
to see you), a cane toad (unable to see you), a swamp worm (unable to see you)
and a bullfrog (unable to see you).

Vanquished Creatures
  Josephine (Lair:2)
  Harold (D:9)
  3 two-headed ogres (D:9)
  A boulder beetle (D:11)
  2 death yaks
  An ugly thing (D:10)
  A manticore (D:11)
  Joseph (D:9)
  2 torpor snails
  2 cane toads
  A gargoyle (D:10)
  Maggie (D:9)
  5 komodo dragons
  2 trolls
  2 hornets
  A vampire (D:9)
  2 wraiths
  A wyvern (D:7)
  31 yaks
  A basilisk (Lair:1)
  A warg (D:9)
  3 steam dragons
  6 vampire mosquitoes
  A swamp worm (Lair:2)
  An acid dragon (D:11)
  2 nagas (Lair:2)
  5 water moccasins
  3 black bears
  2 ice beasts
  4 orc warriors
  2 sky beasts (D:6)
  2 ogres
  5 centaurs
  12 wolves
  5 phantoms
  3 kobold brigands
  2 elf zombies (Ossuary)
  5 bullfrogs
  4 scorpions
  6 wights
  4 killer bees
  A howler monkey (D:5)
  5 jellies
  A bombardier beetle (D:4)
  3 human zombies (Ossuary)
  2 centaur zombies (Ossuary)
  6 hounds
  8 orc priests
  2 sleepcaps
  6 iguanas
  2 scorpion zombies (D:4)
  Natasha (thrice) (D:4)
  13 orc wizards
  2 crocodile zombies (Ossuary)
  3 spectral hounds (Ossuary)
  2 hound zombies (D:4)
  4 mummies (Ossuary)
  3 gnolls
  A river rat (D:3)
  9 adders
  A hound simulacrum (Ossuary)
  2 shadow imps
  A white imp (D:7)
  A ribbon worm zombie (D:5)
  An ufetubus (D:6)
  5 spectral adders (Ossuary)
  A spectral gnoll (Ossuary)
  An adder skeleton (D:4)
  2 adder simulacra (Ossuary)
  2 dart slugs
  33 orcs
  5 ball pythons
  13 endoplasms
  5 giant cockroaches
  5 gnoll zombies (Ossuary)
  8 goblins
  9 hobgoblins
  7 jackals
  24 kobolds
  4 quokkas
  7 bats
  2 frilled lizards
  2 gnoll simulacra (Ossuary)
  4 jackal simulacra (Ossuary)
  4 kobold zombies (Ossuary)
  7 orc zombies (Ossuary)
  12 rats
  A spectral jackal (Ossuary)
385 creatures vanquished.

Vanquished Creatures (collateral kills)
  A catoblepas (Lair:2)
  2 two-headed ogres (D:11)
  5 death yaks
  Urug (D:11)
  A manticore (D:11)
  A torpor snail (Lair:1)
  A cane toad (Lair:1)
  2 komodo dragons
  An unseen horror (D:11)
  A rime drake (Lair:2)
  A blink frog (Lair:3)
  A hornet (D:9)
  A wyvern (Lair:3)
  7 yaks
  6 wraiths
  A basilisk (Lair:2)
  2 swamp worms (Lair:2)
  2 nagas (Lair:2)
  4 water moccasins
  7 wolves
  A bullfrog (Lair:1)
  3 orc priests
  An orc wizard (D:9)
  2 kobolds (D:9)
55 creatures vanquished.

Vanquished Creatures (others)
  A sky beast (D:7)
  6 hexers
7 creatures vanquished.

Grand Total: 447 creatures vanquished

Notes
Turn   | Place    | Note
-------+----------+-------------------------------------------
     0 | D:1      | belegose the Oni Warper began the quest for the Orb.
     0 | D:1      | Reached XP level 1. HP: 22/22 MP: 3/3
   183 | D:1      | Reached XP level 2. HP: 25/29 MP: 5/5
   288 | D:1      | Reached skill level 3 in Fighting
   732 | D:1      | Reached XP level 3. HP: 31/37 MP: 6/6
   958 | D:2      | Reached skill level 1 in Staves
  1279 | D:2      | Reached XP level 4. HP: 38/46 MP: 7/7
  1319 | D:2      | Identified the +10 rapier of Causality {holy, ^Drain Fly
                  | rElec rPois Str+2}
  1777 | D:2      | Reached skill level 4 in Fighting
  1855 | D:2      | Reached skill level 1 in Short Blades
  2200 | D:3      | Found a glowing drain.
  2210 | D:3      | Reached XP level 5. HP: 54/54 MP: 8/8
  2220 | Sewer    | Entered a sewer
  2247 | Sewer    | Noticed a kobold brigand
  2286 | Sewer    | Killed a kobold brigand
  2798 | D:3      | Found a glowing silver altar of Zin.
  2804 | D:3      | Found an ancient bone altar of Kikubaaqudgha.
  2809 | D:3      | Found a white marble altar of Elyvilon.
  2957 | D:3      | Found an iron altar of Okawaru.
  2957 | D:3      | Found a blossoming altar of Fedhas.
  2958 | D:3      | Found an ornate altar of the Wu Jian Council.
  2960 | D:3      | Found a basalt altar of Yredelemnul.
  3061 | D:3      | Reached XP level 6. HP: 65/65 MP: 9/9
  3632 | D:4      | Found Xykomm's Antique Armour Emporium.
  3641 | D:4      | Reached skill level 5 in Fighting
  3880 | D:4      | Reached XP level 7. HP: 60/74 MP: 10/10
  3894 | D:4      | Reached skill level 6 in Fighting
  4029 | D:4      | Noticed Natasha
  4060 | D:4      | Killed Natasha
  4272 | D:4      | Noticed Natasha
  4283 | D:4      | Killed Natasha
  4293 | D:4      | Reached skill level 7 in Fighting
  4299 | D:4      | Reached XP level 8. HP: 66/87 MP: 11/11
  4308 | D:4      | Learned a level 2 spell: Blink
  4459 | D:4      | Noticed Natasha
  4464 | D:4      | Killed Natasha
  4561 | D:4      | Reached skill level 5 in Throwing
  5041 | D:5      | Entered Level 5 of the Dungeon
  5100 | D:5      | Found a sand-covered staircase.
  5108 | Ossuary  | Entered an ossuary
  5516 | Ossuary  | Reached skill level 8 in Fighting
  5816 | D:5      | Reached XP level 9. HP: 93/96 MP: 13/15
  6340 | D:5      | Reached skill level 5 in Short Blades
  6735 | D:5      | Identified the ring "Uhialer" {Fire Slay+2 SInv}
  7436 | D:6      | Reached skill level 5 in Spellcasting
  7505 | D:6      | Reached skill level 9 in Fighting
  7901 | D:6      | Found a transporter.
  7901 | D:6      | Noticed flammie80's ghost (weakling FoMo)
  7952 | D:6      | Found a transporter.
  8179 | D:6      | Noticed a troll
  8201 | D:6      | Reached skill level 5 in Translocations
  8523 | D:6      | Found Wewaw's Tiny Tomes.
  8776 | D:6      | Reached XP level 10. HP: 87/107 MP: 18/18
  9010 | D:7      | Found an opulent altar of Gozag.
  9077 | D:7      | Found a staircase to the Ecumenical Temple.
  9094 | Temple   | Entered the Ecumenical Temple
  9100 | Temple   | Became a worshipper of Hepliaklqana the Forgotten
  9132 | D:7      | Reached skill level 1 in Evocations
  9179 | Temple   | Reached skill level 1 in Invocations
  9926 | D:7      | Reached skill level 10 in Fighting
 10201 | D:7      | Found a runed translucent door.
 10759 | D:7      | Found a runed translucent door.
 12459 | D:9      | Noticed a two-headed ogre
 12472 | D:9      | Reached * piety under Hepliaklqana
 12817 | D:9      | Noticed Joseph
 12825 | D:9      | Killed Joseph
 12915 | D:9      | Reached skill level 11 in Fighting
 13224 | D:9      | Noticed a two-headed ogre
 13231 | D:9      | Killed a two-headed ogre
 13232 | D:9      | Reached skill level 5 in Invocations
 13232 | D:9      | Reached XP level 11. HP: 108/108 MP: 20/20
 13284 | D:9      | Noticed a two-headed ogre
 13291 | D:9      | Killed a two-headed ogre
 13355 | D:9      | Found a staircase to the Lair.
 13386 | D:9      | Noticed Harold
 13395 | D:9      | Killed Harold
 13613 | D:9      | Noticed Maggie
 13621 | D:9      | Killed Maggie
 13840 | D:9      | Paralysed by a hornet for 1 turns
 14017 | D:9      | Killed a two-headed ogre
 14376 | D:10     | Entered Level 10 of the Dungeon
 14474 | D:9      | Reached skill level 12 in Fighting
 15486 | D:10     | Reached ** piety under Hepliaklqana
 15487 | D:10     | Remembered your ancestor Audrea as a hexer
 15550 | D:10     | Reached skill level 5 in Evocations
 15683 | D:10     | Found a sparkling altar of Nemelex Xobeh.
 16498 | D:11     | Noticed a manticore
 16505 | D:11     | Killed a manticore
 16610 | D:11     | Noticed a manticore
 16613 | D:11     | Noticed a two-headed ogre
 16761 | D:6      | Bought the Secrets of Incandescence for 78 gold pieces
 16929 | D:11     | Learned a level 3 spell: Frozen Ramparts
 16986 | D:11     | Reached XP level 12. HP: 119/119 MP: 19/21
 17299 | D:11     | Killed a two-headed ogre
 17401 | D:11     | Noticed a two-headed ogre
 17406 | D:11     | Killed a two-headed ogre
 17407 | D:11     | Reached skill level 13 in Fighting
 17484 | D:11     | Reached skill level 10 in Throwing
 17491 | D:11     | Reached skill level 1 in Ice Magic
 17760 | D:11     | Noticed a boulder beetle
 17790 | D:11     | Killed a boulder beetle
 17884 | D:11     | Found Tioro's General Store.
 18378 | D:11     | Noticed Urug
 18701 | D:11     | Killed Urug
 18702 | D:11     | Reached skill level 5 in Ice Magic
 18751 | D:11     | Noticed an ettin
 19347 | Lair:1   | Entered Level 1 of the Lair of Beasts
 20321 | Lair:1   | Reached XP level 13. HP: 120/129 MP: 19/22
 21420 | Lair:2   | Reached *** piety under Hepliaklqana
 21908 | Lair:2   | Found a staircase to the Snake Pit.
 22568 | Lair:2   | Reached skill level 10 in Ice Magic
 22573 | Lair:2   | Reached skill level 1 in Armour
 23334 | Lair:2   | Learned a level 5 spell: Borgnjor's Vile Clutch
 23452 | Lair:3   | Noticed Josephine
 23797 | Lair:3   | Reached skill level 1 in Necromancy
 23797 | Lair:3   | Reached skill level 1 in Earth Magic
 24145 | Lair:2   | Killed Josephine
 25696 | Lair:3   | Reached **** piety under Hepliaklqana
 25860 | Lair:3   | Noticed Sonja
 25881 | Lair:3   | HP: 6/129 [skyshark (6)]
 25881 | Lair:3   | Mangled by a komodo dragon

Illustrated notes

Levels and vault maps discovered:
D:1:      dpeg_arrival_arbitrary_a, layout_rooms, serial_aquarium,
          aquarium_bridge_long_joined [aquarium_subvault_balcony,
          aquarium_subvault_window, aquarium_subvault_balcony,
          aquarium_subvault_window, aquarium_subvault_bridge,
          aquarium_subvault_window], aquarium_window_corner,
          aquarium_window_corner, aquarium_view_2e, aquarium_view_2c,
          aquarium_balcony_5b, aquarium_pool_side
D:2:      layout_basic
D:3:      layout_loops_corners, grunt_temple_overflow_open,
          minmay_overflow_temple_star_quad, portal_sewer_entry_b
D:4:      layout_loops_corners, serial_shops, shop, serial_undead,
          serial_undead_e, serial_undead_a, serial_undead_e, serial_undead_e,
          uniq_natasha
D:5:      layout_gridville, enter_ossuary_3
D:6:      layout_loops_ring, gammafunk_ghost_arena,
          nicolae_shop_i_like_small_books_too, minmay_puff
D:7:      layout_loops_corners, grunt_gozag_breadcrumbs,
          minmay_temple_entry_trees, lightli_church_of_beogh
D:8:      layout_rooms
D:9:      layout_gridville, erik_lair_orcish_takeover, uniq_harold, uniq_joseph,
          uniq_maggie
D:10:     layout_long_grid, kennysheep_little_box
D:11:     layout_irregular_city, serial_shops, shop, nicolae_rejected_hall,
          uniq_urug, uniq_snorg
Temple:   dshaligram_water_room_temple
Lair:1:   layout_loops_ring
Lair:2:   layout_loops_ring, minmay_snake_entry_guardpost_small, worms_lemuel
Lair:3:   layout_chaotic_city, minmay_swamp_entry_worms, beast_lair_carwin_1,
          infiniplex_staircase_pool_2, uniq_sonja, uniq_josephine

Skill      XL: |  1  2  3  4  5  6  7  8  9 10 11 12 13 |
---------------+----------------------------------------+-----
Fighting       | 3 4 5 7 8 9 11 12 13 | 13.0
Staves         | 1 |  1.3
Throwing       | 2 3 4 5 6 8 9 10 | 10.0
Short Blades   | 1 2 3 4 5 6 |  6.0
Translocations | 3 5 |  5.0
Spellcasting   | 4 5 6 |  6.0
Evocations     | 3 5 6 |  6.0
Invocations    | 5 7 8 9 |  9.2
Ice Magic      | 8 10 | 10.0
Armour         | 3 |  3.2
Necromancy     | 2 |  2.7
Earth Magic    | 2 |  2.7
Maces & Flails | |  2.1
Dodging        | |  2.3

Action                     |  1- 3 |  4- 6 |  7- 9 | 10-12 | 13-15 || total
---------------------------+-------+-------+-------+-------+-------++-------
  Melee: Mace              |    19 |       |       |       |       ||    19
         Headbutt          |    33 |    17 |    64 |   120 |    48 ||   282
         Staff             |   170 |       |       |       |       ||   170
         Punch             |     2 |     1 |     2 |     8 |     3 ||    16
         Rapier            |       |   140 |   358 |   494 |   184 ||  1176
  Throw: Boomerang         |       |     2 |     2 |     9 |    14 ||    27
         Dart              |       |       |    16 |    10 |     6 ||    32
         Javelin           |       |       |       |     6 |       ||     6
   Cast: Frozen Ramparts   |       |       |       |     3 |    17 ||    20
         Blink             |       |       |       |       |     1 ||     1
 Invoke: Recall Ancestor   |       |       |       |    23 |    17 ||    40
         Ancestor Life: He |       |       |       |     1 |       ||     1
  Evoke: Wand              |       |       |       |    10 |     5 ||    15
    Use: Potion            |     5 |       |       |     1 |     2 ||     8
         Scroll            |       |       |     7 |     5 |     9 ||    21
   Stab: Sleeping          |       |       |     1 |     1 |       ||     2
         Distracted        |       |       |       |     4 |     1 ||     5
         Confused          |       |       |       |     5 |     4 ||     9
 Armour: Robe              |   137 |    89 |   215 |   368 |   215 ||  1024
         Skin              |    17 |       |       |       |       ||    17
  Dodge: Dodged            |    96 |    64 |   121 |   207 |   118 ||   606
         Repelled          |       |       |       |       |     3 ||     3
